Map: [ESL] Cosmic Sapphire

Players

Zain

  • Race: Protoss Protoss
  • Spawn Location: 11:00

ForJumy - Winner!

  • Race: Protoss Protoss
  • Spawn Location: 5:00

Event: DreamHack SC2 Masters 2022 Valencia

VOD

Have the link to the VOD?

Description

Time

  • Played on: July 1, 2022, 2:54 p.m.
  • Length: 10:56

All games in this series

Show
View Real Time Build Order
Export as new Build Order

Zain Protoss 

Build Orders:  

Get SALT Encoding   

  12  0:00  Probe  
  13  0:12  Probe  
  14  0:17  Pylon  
  14  0:24  Probe (Chrono Boost)  
  16  0:36  Probe (Chrono Boost)  
  16  0:37  Gateway  
  16  0:43  Probe (Chrono Boost)  
  16  0:46  Assimilator  
  17  0:52  Probe  
  18  1:01  Assimilator  
  18  1:04  Probe (Chrono Boost)  
  18  1:08  Gateway  
  19  1:16  Probe (Chrono Boost)  
  20  1:23  Probe (Chrono Boost)  
  20  1:24  Cybernetics Core  
  21  1:31  Probe  
  22  1:40  Pylon  
  22  1:43  Probe  
  23  2:01  Stalker, Robotics Facility  
  23  2:06  Stalker  
  27  2:13  Warp Gate  
  27  2:16  Pylon  
  27  2:32  Stalker  
  27  2:36  Stalker  
  31  2:48  Immortal (Chrono Boost)  
  35  3:01  Pylon  
  35  3:09  Pylon  
  34  3:17  Warp Prism (Chrono Boost)  
  36  3:28  Gateway  
  36  3:46  Immortal  
  40  4:11  Stalker  
  40  4:14  Sentry  
  44  4:17  Pylon  
  44  4:19  Pylon  
  42  4:36  Probe  
  39  4:45  Immortal  
  40  4:48  Probe  
  40  5:16  Probe (Chrono Boost)  
  41  5:26  Probe (Chrono Boost)  
  42  5:29  Observer  
  42  5:31  Probe  
  42  5:43  Probe  
  43  5:50  Stalker x2  
  43  5:55  Probe  
  42  6:07  Probe (Chrono Boost)  
  43  6:17  Pylon  
  43  6:19  Probe (Chrono Boost)  
  43  6:25  Adept  
  46  6:28  Probe (Chrono Boost)  
  47  6:39  Probe (Chrono Boost)  
  48  6:49  Probe (Chrono Boost)  
  49  6:55  Stalker, Probe (Chrono Boost)  
  52  7:06  Probe  
  53  7:11  Stargate  
  53  7:19  Probe  
  54  7:28  Observer  
  54  7:29  Stalker  
  56  7:32  Probe  
  57  7:45  Probe  
  57  7:52  Observer (Chrono Boost)  
  57  7:55  Phoenix  
  60  8:01  Pylon  
  56  8:14  Sentry  
  56  8:15  Immortal  
  62  8:31  Phoenix  
  64  8:39  Pylon  
  64  8:41  Pylon  
  64  8:49  Pylon  
  64  8:57  Phoenix  
  66  9:16  Stalker x3  
  56  9:33  Phoenix  
  59  9:38  Probe  
  59  9:50  Zealot  
  59  10:00  Stalker x2  
  59  10:10  Phoenix  
  55  10:24  Stalker x2  
Show
View Real Time Build Order
Export as new Build Order

ForJumy Protoss - Winner!

Build Orders:  

Get SALT Encoding   

  12  0:00  Probe  
  13  0:12  Probe  
  14  0:16  Pylon  
  14  0:24  Probe (Chrono Boost)  
  15  0:34  Gateway  
  15  0:36  Probe (Chrono Boost)  
  16  0:45  Probe (Chrono Boost)  
  16  0:46  Assimilator  
  17  0:50  Probe  
  17  0:54  Assimilator  
  18  1:03  Probe (Chrono Boost)  
  19  1:08  Gateway  
  19  1:13  Probe (Chrono Boost)  
  19  1:17  Probe (Chrono Boost)  
  20  1:24  Cybernetics Core  
  21  1:29  Probe  
  22  1:33  Pylon  
  22  1:42  Probe  
  23  1:54  Probe  
  24  1:58  Warp Gate (Chrono Boost)  
  24  2:00  Adept x2  
  28  2:03  Pylon  
  28  2:06  Probe  
  29  2:20  Probe  
  30  2:30  Stalker x2  
  34  2:38  Probe  
  35  2:45  Robotics Facility  
  35  2:47  Pylon  
  35  2:51  Probe  
  36  3:16  Probe  
  37  3:21  Shield Battery  
  37  3:27  Gateway  
  36  3:29  Immortal (Chrono Boost)  
  36  3:31  Pylon  
  40  3:39  Sentry x2  
  44  3:45  Pylon  
  44  3:53  Shield Battery  
  44  3:54  Pylon  
  40  4:04  Stalker x2  
  44  4:11  Shield Battery  
  44  4:16  Observer  
  45  4:26  Sentry  
  47  4:34  Immortal (Chrono Boost)  
  51  4:43  Stalker  
  49  4:54  Zealot  
  47  5:15  Immortal  
  47  5:16  Adept x2  
  55  5:21  Pylon  
  55  5:37  Twilight Council  
  55  5:40  Stalker  
  57  5:48  Observer  
  53  6:02  Warp Prism  
  53  6:03  Sentry  
  55  6:05  Gateway  
  54  6:23  Blink (Chrono Boost)  
  54  6:29  Adept  
  56  6:51  Immortal (Chrono Boost)  
  60  6:54  Nexus  
  60  6:55  Adept  
  62  7:09  Pylon  
  62  7:26  Observer (Chrono Boost)  
  63  7:31  Adept x2  
  67  7:52  Immortal  
  67  7:54  Stalker  
  73  8:11  Sentry  
  71  8:26  Stalker, Assimilator  
  72  8:32  Pylon  
  72  8:35  Shield Battery  
  72  8:37  Observer  
  71  8:44  Probe  
  71  8:45  Probe  
  73  8:57  Probe  
  70  9:10  Stalker x2  
  64  9:23  Immortal (Chrono Boost)  
  48  9:37  Sentry  
  48  9:38  Sentry  
  42  9:57  Immortal (Chrono Boost)  
  46  10:00  Gateway  
  46  10:01  Sentry x2  
  44  10:25  Stalker x2  

Tags
 
Add a new tag
Caveats
  • Supply blocks, unpowered buildings, or Contaminate may cause inaccurate times.
  • Supply counts are checked every 10 seconds.